[Event "*** Titled Tuesday Blitz"]
[Site "Chess.com"]
[Date "2020.04.14"]
[Round "1"]
[White "Y0ung_Capablanca"]
[Black "Falia-p"]
[Result "1-0"]
[WhiteElo "2679"]
[BlackElo "2333"]
[TimeControl "180+1"]
[EndTime "10:07:21 PDT"]
[Termination "Y0ung_Capablanca won by resignation"]

1. e4 c6 2. d4 d5 3. exd5 cxd5 4.
Bd3 Nc6 5. c3 Qc7 6. Ne2 Bg4 7.
O-O Nf6 8. Qe1 Bxe2 9. Qxe2 e6 10. Nd2 Bd6 11. g3 O-O 12. f4 Nd7 13. Nf3 Rae8 14.
Be3 f5 15. Ne5 Nf6 16. Rac1 Ne4 17. c4 Bxe5 18. dxe5 Qd7 19. Rfd1 Nb4 20. Bxe4 fxe4 21. Bc5 Nd3 22. Bxf8 Nxc1 23. Rxc1 Rxf8 24. Rd1 Qc6 25. cxd5 exd5 26. Qd2 Rd8 27. Qd4 b6 28. f5 Qc5 29.
e6 Kf8 30. Kf2 Ke7 31. Ke3 Kd6 32. Kf4 Qxd4 33. Rxd4 Rc8 34. Rd2 Rc1 35. g4 h6 36.
h4 Rf1+ 37. Kg3 Rf3+ 38. Kg2 Rf4 39. Rxd5+ Kxd5 40. e7 Rxg4+ 41. Kh3 Rf4 42. e8=Q Rxf5 43. Qd7+ Ke5 44. Qxg7+ Kf4 45. Qxa7 Kf3 46. Qxb6 e3 47. Qc6+ Kf4 48. Qc4+ Kf3 49. Qf1+ Ke4 50. Qc4+ Kf3 51.
Qg4+ Kf2 52. Qxf5+ Ke2 53. Qe4 Kd2 54. Qxe3+ Kxe3 55. a4 Kd4 56. a5 Kc5 57. b4+ Kb5 58. Kg4 Kxb4 59. a6 Kc5 60. a7 Kd6 61. a8=Q 1-0

[Event "*** Titled Tuesday Blitz"]
[Site "Chess.com"]
[Date "2020.04.14"]
[Round "1"]
[White "Galileo22"]
[Black "krzyzan94"]
[Result "0-1"]
[WhiteElo "2332"]
[BlackElo "2678"]
[TimeControl "180+1"]
[EndTime "10:07:21 PDT"]
[Termination "krzyzan94 won by resignation"]

1. d4 Nf6 2. Nf3 e6 3. c4 d5 4. Nc3 Be7 5. Bg5 h6 6. Bh4 O-O 7. e3 Ne4 8. Bxe7 Qxe7 9. Qc2 Nxc3 10. Qxc3 b6 11. cxd5 exd5 12. Rc1 c6 13. Bd3 Bb7 14. O-O Nd7 15. b4 Rac8 16. a4 Rfe8 17. Qb2 Qd6 18.
a5 Rb8 19. a6 Ba8 20. b5 c5 21. Bb1 g6 22. Rfd1 Rbc8 23. Nd2 c4 24. Qc3 Nf6 25. f3 Rcd8 26. Re1 h5 27. Bc2 h4 28. Rcd1 Kg7 29.
Nb1 Nh5 30. Qd2 h3 31. g4 Nf6 32. Nc3 Re7 33. Rb1 Rde8 34. Qf2 Qa3 35. Qd2 Nh7 36.
Kf2 Ng5 37. f4 Ne6 38. Ra1 Qb4 39. Reb1 Qd6 40. Rg1 g5 41. f5 Qxh2+ 42. Ke1 Qxg1+ 43. Ke2 Nf4+ 44. Kf3 Qxa1 45. exf4 Re3+ 46. Qxe3 Rxe3+ 47. Kxe3 Qxc3+ 48. Kf2 Qxc2+ 0-1

[Event "*** Titled Tuesday Blitz"]
[Site "Chess.com"]
[Date "2020.04.14"]
[Round "1"]
[White "Rozum_Ivan"]
[Black "Rinas_Oleg"]
[Result "1-0"]
[WhiteElo "2762"]
[BlackElo "2393"]
[TimeControl "180+1"]
[EndTime "10:07:22 PDT"]
[Termination "Rozum_Ivan won on time"]

1. Nf3 d5 2. g3 c5 3. Bg2 Nc6 4. d4 e6 5. O-O Nf6 6. c4 dxc4 7. dxc5 Qxd1 8. Rxd1 Bxc5 9. Nbd2 O-O 10. Nxc4 Bd7 11. Nfe5 Rad8 12. Bg5 Nxe5 13. Nxe5 Bc8 14. Rac1 Be7 15.
Nd3 h6 16. Be3 b6 17. Rc7 Rd7 18. Rdc1 Ba6 19. Rxd7 Nxd7 20. Rc7 Rd8 21. Rxa7 Bxd3 22. exd3 Bf6 23. d4 Nf8 24. Rb7 Rd6 25. d5 exd5 26.
Rxb6 Rxb6 27. Bxb6 Bxb2 28. Bxd5 Nd7 29. Be3 Ba3 30. Kf1 Kf8 31. Ke2 Ke7 32. Bd4 f6 33. Kd3 Kd6 34. Bg2 Ne5+ 35. Kc2 Nc6 36. Be3 Bc5 37.
Bxc5+ Kxc5 38. Bxc6 Kxc6 39. Kd3 Kc5 40. Ke4 g6 41. f4 Kc4 42. f5 g5 43. g4 Kc5 44. a4 Kb4 45. Kd5 Kxa4 46. Ke6 Kb4 47. Kxf6 Kc5 48. Kg7 Kd6 49. f6 1-0

[Event "*** Titled Tuesday Blitz"]
[Site "Chess.com"]
[Date "2020.04.14"]
[Round "1"]
[White "asimali1977"]
[Black "harvsp123"]
[Result "0-1"]
[WhiteElo "1971"]
[BlackElo "2523"]
[TimeControl "180+1"]
[EndTime "10:07:22 PDT"]
[Termination "harvsp123 won on time"]

1. Nf3 g6 2. g3 Bg7 3. Bg2 c5 4. O-O Nc6 5. d3 Nf6 6. Nbd2 O-O 7. e4 d6 8. Re1 Rb8 9. a4 a6 10. c3 b5 11. axb5 axb5 12. d4 e5 13. d5 Ne7 14. c4 b4 15. b3 Nh5 16. Bb2 f5 17. exf5 Bxf5 18. Ng5 Qd7 19. Nde4 Rbd8 20. Ra6 Qc7 21.
g4 Bxe4 22. Bxe4 Nf4 23. Bc1 Qc8 24. Ra7 Bh6 25. Bxf4 Rxf4 26. Ne6 Bg5 27. Nxf4 exf4 28. Qf3 Rf8 29. Rea1 Bf6 30. R1a2 Qd8 31. Kg2 Be5 32. h3 Nc8 33. Rb7 Qf6 0-1

[Event "*** Titled Tuesday Blitz"]
[Site "Chess.com"]
[Date "2020.04.14"]
[Round "1"]
[White "Federtiu"]
[Black "NormWeinstein"]
[Result "0-1"]
[WhiteElo "2669"]
[BlackElo "2354"]
[TimeControl "180+1"]
[EndTime "10:07:23 PDT"]
[Termination "NormWeinstein won on time"]

1. c4 c5 2. Nc3 Nf6 3. g3 e6 4.
Bg2 d5 5. Nf3 Nc6 6. O-O d4 7. Na4 Bd6 8. e3 O-O 9. exd4 cxd4 10. d3 h6 11. Bd2 e5 12. b4 Bf5 13. Qb3 Re8 14. Rfe1 Qd7 15. c5 Bc7 16. b5 Nd8 17. Rac1 Rc8 18. b6 axb6 19. Nxb6 Bxb6 20. Qxb6 Nc6 21. Qb3 Ra8 22. a3 Be6 23. Qb2 Bd5 24. Bb4 Qf5 25. Qe2 e4 26. Nh4 Qd7 27. dxe4 Bxe4 28.
Bxe4 Rxe4 29. Qf3 Ne5 30. Qg2 Rxe1+ 31. Rxe1 Nc6 32. h3 d3 33. Rd1 Rd8 34. Rd2 Ne5 35.
Kh2 Nc4 36. Rd1 d2 37. Qf3 Qd5 38. Qxd5 Rxd5 39. Ng2 Ne4 40. Kg1 Nb2 41. Ne3 Rd3 0-1

[Event "*** Titled Tuesday Blitz"]
[Site "Chess.com"]
[Date "2020.04.14"]
[Round "1"]
[White "sganerdene"]
[Black "CookiesAndIceCream"]
[Result "1-0"]
[WhiteElo "2680"]
[BlackElo "2333"]
[TimeControl "180+1"]
[EndTime "10:07:23 PDT"]
[Termination "sganerdene won by resignation"]

1. e4 e6 2. d4 d5 3. Nc3 Nf6 4. Bg5 dxe4 5. Nxe4 Be7 6. Bxf6 gxf6 7. Nf3 f5 8. Ng3 h5 9. h4 c5 10. Bb5+ Bd7 11. Bxd7+ Qxd7 12. c3 Nc6 13. dxc5 Qxd1+ 14. Rxd1 Bxc5 15. Ke2 Rd8 16. Rxd8+ Kxd8 17. Rd1+ Ke7 18. Kf1 Bd6 19. Ne2 Rg8 20. g3 Rg4 21. Ned4 f4 22. Nxc6+ bxc6 23. Nd4 Kd7 24. Nf3 Kc7 25. gxf4 Rxf4 26.
Ke2 Bc5 27. Rg1 Rf5 28. Rg5 Rxg5 29. Nxg5 Be7 30. Nxf7 Bxh4 31. f4 Bf6 32. Kf3 Kd7 33. Ne5+ Bxe5 34. fxe5 c5 35. c4 Kc6 36. Kf4 Kb6 37. Kg5 Ka5 38. Kxh5 Kb4 39. Kg6 Kxc4 40. Kf6 Kd5 41. b3 a6 42. a3 a5 43. a4 c4 44. bxc4+ Kxc4 45. Kxe6 Kb4 46. Kd5 Kxa4 47. e6 Kb3 48. e7 a4 49. e8=Q a3 50. Qb5+ 1-0

[Event "*** Titled Tuesday Blitz"]
[Site "Chess.com"]
[Date "2020.04.14"]
[Round "1"]
[White "chenxiaoyuer"]
[Black "Mikhail_Golubev"]
[Result "1-0"]
[WhiteElo "2067"]
[BlackElo "2510"]
[TimeControl "180+1"]
[EndTime "10:07:24 PDT"]
[Termination "chenxiaoyuer won on time"]

1. e4 c5 2. Nf3 d6 3. d4 Nf6 4. Nc3 cxd4 5. Nxd4 Nc6 6. Be2 g6 7. O-O Bg7 8. Nb3 O-O 9. Bg5 Be6 10. Kh1 Na5 11.
f4 Nc4 12. f5 Nxb2 13. Qc1 Bc4 14. Qxb2 Bxe2 15. Nxe2 Nxe4 16. f6 Nxf6 17. Nbd4 Qd7 18. Nc3 Rac8 19. Rae1 Rfe8 20. Rf3 Rc4 21. Rd1 Qg4 22. Rg3 Rxd4 23. Rxg4 Nxg4 24. Rf1 e6 25. Qxb7 Ne5 26. Ne2 Rc4 27. c3 Rec8 28. Bf6 R4c7 29. Qb3 Bxf6 30. Rxf6 d5 31. Qb2 Nd3 32. Qd2 Nc5 33.
Rf1 Ne4 34. Qf4 Kg7 35. c4 f5 36. cxd5 exd5 37. Qe5+ Kh6 38. Qf4+ Kg7 39. Nd4 1-0

[Event "*** Titled Tuesday Blitz"]
[Site "Chess.com"]
[Date "2020.04.14"]
[Round "1"]
[White "jacky72"]
[Black "Chichin_chao"]
[Result "0-1"]
[WhiteElo "2689"]
[BlackElo "2370"]
[TimeControl "180+1"]
[EndTime "10:07:25 PDT"]
[Termination "Chichin_chao won by resignation"]

1. d4 Nf6 2. c4 d6 3. Nf3 Nbd7 4.
Nc3 e5 5. e4 Be7 6. Be2 O-O 7.
O-O exd4 8. Nxd4 Re8 9. f3 Bf8 10. Kh1 a5 11. Be3 c6 12. Bg1 Nc5 13. Qd2 a4 14.
Rad1 Qa5 15. Qc2 Bd7 16. Nf5 Bxf5 17. exf5 Rad8 18. Bd4 Nfd7 19. Rfe1 Be7 20. Ne4 Nxe4 21. fxe4 Bf6 22. Bf2 Qb4 23. b3 axb3 24. axb3 Ra8 25. Bf3 Ra3 26. Rb1 Rea8 27. Qd3 Be5 28. Red1 Nc5 29.
Bxc5 Qxc5 30. Rd2 Qb4 31. Rdd1 Ra2 32. Qe3 R8a3 33. Qg5 f6 34. Qh5 Ra8 35. Qh4 R2a3 36. Qe1 Qxe1+ 37. Rxe1 Kf7 38. Red1 Ke7 39. Kg1 Ra2 40.
g3 h5 41. Bxh5 Rh8 42. g4 Bxh2+ 43. Kf1 Be5 44. b4 Rha8 45. c5 Rh2 46. cxd6+ Bxd6 47. Rd3 Raa2 48. Kg1 Bc7 49. Rbd1 Bb6+ 50. Rd4 Rad2 51.
Rxd2 Rxd2 52. Kh1 Rxd4 0-1

[Event "*** Titled Tuesday Blitz"]
[Site "Chess.com"]
[Date "2020.04.14"]
[Round "1"]
[White "lifeissofun"]
[Black "Harut-1998"]
[Result "0-1"]
[WhiteElo "2217"]
[BlackElo "2591"]
[TimeControl "180+1"]
[EndTime "10:07:25 PDT"]
[Termination "Harut-1998 won by resignation"]

1. e4 e5 2. Nf3 Nc6 3. Bb5 a6 4. Ba4 Nf6 5. O-O Be7 6. d4 exd4 7. Nxd4 b5 8. Nxc6 dxc6 9. Bb3 Qxd1 10. Rxd1 Nxe4 11.
Re1 Bf5 12. a4 Nc5 13. Nc3 b4 14. Ne2 Nxb3 15. cxb3 O-O-O 16. Ng3 Be6 17. Bf4 Rhe8 18. Rac1 Kb7 19. Ne4 Bxb3 20. Nd2 Bxa4 21. Re4 Bd6 22. Bxd6 Rxe4 23. Nxe4 cxd6 24. Ng5 f6 25. Ne6 Rd7 26. Re1 c5 27. Nf8 Rf7 28. Ne6 Bb3 29. Nd8+ Kb6 30. Nxf7 Bxf7 31. Re7 Bd5 32. Rxg7 a5 33.
Rd7 Kc6 34. Ra7 Kb5 35. Rd7 a4 36. Rxd6 Be4 37. f3 Bc2 38. Rxf6 a3 39. bxa3 bxa3 40. Rf8 a2 41. Rb8+ Kc4 42. Ra8 Kb3 43. f4 c4 44. g4 Be4 45. Ra7 c3 46. f5 c2 47.
f6 c1=Q+ 48. Kf2 Qf4+ 0-1

[Event "*** Titled Tuesday Blitz"]
[Site "Chess.com"]
[Date "2020.04.14"]
[Round "1"]
[White "KingChess345"]
[Black "StoreySniper"]
[Result "0-1"]
[WhiteElo "2059"]
[BlackElo "2534"]
[TimeControl "180+1"]
[EndTime "10:07:25 PDT"]
[Termination "StoreySniper won by checkmate"]

1. d4 g6 2. Nf3 Bg7 3. g3 c5 4. c4 cxd4 5. Nxd4 Nc6 6. Nc2 h5 7. Bg2 h4 8. O-O d6 9. Re1 hxg3 10.
hxg3 Bh3 11. Bh1 Qd7 12. Nc3 Bxc3 13. bxc3 Bg4 14. Rb1 Nf6 15. Nd4 Nd8 16. Bg5 Rh5 17.
Qd2 Nh7 18. Be3 Kf8 19. f3 Be6 20. Rb5 Bxc4 21. Rxh5 gxh5 22. Bh6+ Ke8 23. Qf4 Nf6 24. Bg7 Qa4 25. Bxf6 exf6 26. Qxd6 Ne6 27. f4 Rd8 28. Qb4 Qxb4 29. cxb4 Nxd4 30. e3 Ne2+ 31. Kf2 Nc3 32. Rd1 Rxd1 33. Bf3 Ra1 34. Bxh5 Rxa2+ 35. Kf3 Bd5+ 36.
Kg4 Be4 37. Kh4 f5 38. Bg4 Nd5 39. Kg5 Nxe3 40. b5 Nxg4 41. b6 Ra6 42. bxa7 Rg6+ 43. Kh5 Ra6 44. a8=Q+ Rxa8 45. Kg5 Ke7 46. Kh5 Kf6 47.
Kh4 Rh8# 0-1

[Event "*** Titled Tuesday Blitz"]
[Site "Chess.com"]
[Date "2020.04.14"]
[Round "1"]
[White "BasilSmash"]
[Black "Zubrrr"]
[Result "0-1"]
[WhiteElo "2376"]
[BlackElo "2724"]
[TimeControl "180+1"]
[EndTime "10:07:26 PDT"]
[Termination "Zubrrr won on time"]

1. d4 f5 2. Bf4 Nf6 3. e3 g6 4.
Nc3 Bg7 5. h4 h6 6. Qf3 Nh5 7. Bc4 d6 8. Nge2 e5 9. Qd5 Qe7 10.
dxe5 dxe5 11. Bh2 c6 12. Qd2 Nd7 13. O-O-O Nb6 14. Bb3 Be6 15. Qd6 Bxb3 16. axb3 Qxd6 17. Rxd6 Kf7 18. Rhd1 Rae8 19. Na4 Nxa4 20. bxa4 Re7 21. Ng1 Nf6 22. f3 e4 23. Bf4 Rhe8 24. Ne2 exf3 25. gxf3 Nd5 26. Rd3 Nxe3 27. Bxe3 Rxe3 28. Rd7+ R8e7 29.
Nf4 Rxd3 30. Rxd3 Bf6 31. Kd1 Bxh4 32. Rd6 Bg3 33. Rxg6 Bxf4 0-1

[Event "*** Titled Tuesday Blitz"]
[Site "Chess.com"]
[Date "2020.04.14"]
[Round "1"]
[White "EugeneRougon"]
[Black "BabyBoss31"]
[Result "1-0"]
[WhiteElo "2691"]
[BlackElo "2339"]
[TimeControl "180+1"]
[EndTime "10:07:26 PDT"]
[Termination "EugeneRougon won by checkmate"]

1. e4 e6 2. d4 d5 3. Bd2 dxe4 4.
Be3 Nf6 5. h3 c5 6. Ne2 Nc6 7.
Nbc3 cxd4 8. Nxd4 Nxd4 9. Bxd4 Be7 10. Qd2 O-O 11. O-O-O a6 12. g4 b5 13. g5 Nd5 14. Nxe4 Bb7 15. Rg1 Rc8 16. Nf6+ Kh8 17. Nh5 Rg8 18. Kb1 Qc7 19. Bd3 e5 20. Be3 Rcd8 21.
Qe2 Nb4 22. Ng3 Nxd3 23. Rxd3 Rxd3 24. Qxd3 Bc5 25. a3 Bxe3 26. Qxe3 Qe7 27. Nf5 Qe6 28. Ng3 Rc8 29. Re1 Qg6 30. Re2 e4 31. h4 f5 32.
h5 Qf7 33. Qf4 Rf8 34. h6 g6 35. Rd2 Re8 36. Rd6 Bd5 37. Rf6 Qg8 38. Qd2 Ba2+ 39. Kc1 Qd5 40. Qc3 Qc4 41. Rf8# 1-0

[Event "*** Titled Tuesday Blitz"]
[Site "Chess.com"]
[Date "2020.04.14"]
[Round "1"]
[White "Lysiak_Poltorak"]
[Black "JozefKneht"]
[Result "0-1"]
[WhiteElo "2238"]
[BlackElo "2604"]
[TimeControl "180+1"]
[EndTime "10:07:26 PDT"]
[Termination "JozefKneht won by resignation"]

1. d4 d5 2. c4 e6 3. Nc3 Nf6 4.
cxd5 exd5 5. Bg5 Be7 6. e3 O-O 7. Bd3 c6 8. Qc2 Nbd7 9. Nge2 Re8 10. O-O Nf8 11. Rad1 Be6 12. f3 Rc8 13. e4 dxe4 14. fxe4 Ng4 15. Bf4 Ng6 16. e5 Nxf4 17. Bxh7+ Kh8 18.
Nxf4 Ne3 19. Qe2 Kxh7 20. Nxe6 fxe6 21. Qxe3 Kg8 22. Rf3 c5 23. d5 exd5 24. Nxd5 c4 25. Nf6+ Bxf6 26. Rxd8 Rcxd8 27. Rf5 Rd5 28. h3 Bxe5 29.
Qf3 Rd7 30. Qh5 Rde7 31. Qg6 Bxb2 32. Kf2 Bd4+ 33. Kf3 c3 34. Kg4 c2 35. Rh5 Re4+ 36. Kf3 c1=Q 37. Qh7+ Kf7 38. Rf5+ Bf6 39. Qh5+ Kg8 40.
Qxe8+ Rxe8 0-1

[Event "*** Titled Tuesday Blitz"]
[Site "Chess.com"]
[Date "2020.04.14"]
[Round "1"]
[White "JesseFebruary"]
[Black "SmirnovTimofey2000"]
[Result "0-1"]
[WhiteElo "1754"]
[BlackElo "2514"]
[TimeControl "180+1"]
[EndTime "10:07:26 PDT"]
[Termination "SmirnovTimofey2000 won on time"]

1. e4 c5 2. Nf3 d6 3. d4 cxd4 4. Nxd4 Nf6 5. Nc3 a6 6. Be2 e5 7. Nb3 Be7 8. Be3 Be6 9. O-O O-O 10. h3 Nc6 11. f4 exf4 12. Bxf4 d5 13. exd5 Nxd5 14.
Nxd5 Bxd5 15. Qd2 Bf6 16. Rad1 Re8 17. Bf3 Qb6+ 18. Kh1 Bxf3 19. Rxf3 Rad8 20. Qc1 Rxd1+ 21. Qxd1 Bxb2 22. Rf1 Bf6 23. Re1 Rd8 24. Qe2 g6 25. Bh6 Ne7 26. Rf1 Nf5 27. Qf3 Qc6 28. Qxc6 bxc6 29.
g4 Ng3+ 30. Kg2 Nxf1 31. Kxf1 Rd1+ 32. Ke2 Rd5 33. Nd2 g5 34. Ne4 Be7 35. Kf3 f6 36. h4 Kf7 37. hxg5 fxg5 0-1

[Event "*** Titled Tuesday Blitz"]
[Site "Chess.com"]
[Date "2020.04.14"]
[Round "1"]
[White "TregubovP"]
[Black "Fandorine"]
[Result "0-1"]
[WhiteElo "2486"]
[BlackElo "2916"]
[TimeControl "180+1"]
[EndTime "10:07:27 PDT"]
[Termination "Fandorine won on time"]

1. e4 c5 2. Nf3 d6 3. c3 Nf6 4. Be2 Nbd7 5. d3 b6 6. O-O Bb7 7. Nbd2 g6 8. d4 Bg7 9. Re1 O-O 10. Bf1 Qc7 11. h3 e6 12. e5 dxe5 13. dxe5 Nd5 14. Nc4 b5 15. Nd6 Nxe5 16. Nxb5 Nxf3+ 17. Qxf3 Qb6 18. Qg3 Rad8 19. Na3 Ba6 20. Nc4 Qb7 21. Bg5 Rd7 22. Rab1 h6 23. Bd2 Nb6 24. Na5 Qc8 25. Bf4 Bxf1 26. Rxf1 Qa6 27. Nb3 Rc8 28. Be3 Na4 29.
Qh4 Kh7 30. Rfc1 Rb7 31. Qe4 c4 32. Nd4 Nc5 33. Qf3 Nd3 34. Rc2 e5 35. Ne2 f5 0-1

[Event "*** Titled Tuesday Blitz"]
[Site "Chess.com"]
[Date "2020.04.14"]
[Round "1"]
[White "Vojtastr"]
[Black "Salem-AR"]
[Result "0-1"]
[WhiteElo "2477"]
[BlackElo "2892"]
[TimeControl "180+1"]
[EndTime "10:07:27 PDT"]
[Termination "Salem-AR won by resignation"]

1. c4 c5 2. Nc3 g6 3. Nf3 Bg7 4. g3 Nc6 5. Bg2 d6 6. O-O e6 7. e3 Nge7 8. d4 O-O 9. b3 cxd4 10. Nxd4 Nxd4 11. exd4 Nf5 12. Ne2 Rb8 13. Bb2 b5 14.
cxb5 Rxb5 15. Nc3 Rb4 16. d5 e5 17. a3 Rb8 18. b4 Nd4 19. Ne2 Ba6 20. Nxd4 exd4 21. Re1 Qb6 22. Qd2 Rfe8 23. Qf4 Be5 24. Qd2 Rbc8 25. Rad1 d3 26. Bxe5 dxe5 27. Qg5 Kg7 28. Rd2 Rc3 29. h4 h6 30. Qg4 f5 31.
Qf3 h5 32. d6 Qxd6 33. Qe3 Re7 34. Bf1 Rxa3 35. Red1 Qxb4 36. Bxd3 e4 37. Bxa6 Rxe3 38. fxe3 Qb6 39. Bf1 Qxe3+ 40. Kg2 f4 41. gxf4 Qf3+ 42.
Kh2 Qxf4+ 43. Kh3 Qg4+ 44. Kh2 Qxh4+ 0-1

[Event "*** Titled Tuesday Blitz"]
[Site "Chess.com"]
[Date "2020.04.14"]
[Round "1"]
[White "RD4ever"]
[Black "mbachez"]
[Result "1/2-1/2"]
[WhiteElo "2859"]
[BlackElo "2474"]
[TimeControl "180+1"]
[EndTime "10:07:27 PDT"]
[Termination "Game drawn - insufficient material"]

1. e4 e6 2. d4 d5 3. Bd3 c5 4. exd5 exd5 5. Nf3 c4 6. Be2 Nc6 7. O-O Nf6 8. b3 cxb3 9. axb3 Be7 10. Ba3 O-O 11.
h3 Ne4 12. Bd3 Bf5 13. Re1 Re8 14. c3 Bxa3 15. Rxa3 Qd6 16. Ra2 h6 17. Rae2 Re6 18.
Bxe4 Bxe4 19. Nbd2 Rae8 20. Nxe4 dxe4 21. Nd2 Qd5 22. Nc4 R6e7 23. f3 exf3 24. Rxe7 Rxe7 25. Rxe7 Nxe7 26. Qxf3 Qxf3 27. gxf3 Nd5 28. Nd6 Nxc3 29. Kf2 b5 30. Ke3 a6 31. Kd3 Nd5 32. Ke4 Nc7 33.
d5 Kf8 34. Nf5 g6 35. Nxh6 Kg7 36. d6 Ne8 37. Ke5 Nxd6 38. Kxd6 Kxh6 39. Kc5 Kg5 40. Kb6 Kf4 41. Kxa6 Kxf3 42. Kxb5 f5 43. Kc5 Kg3 44.
b4 f4 45. b5 f3 46. b6 f2 47. b7 f1=Q 48. b8=Q+ Qf4 49. Qxf4+ Kxf4 50. Kd5 g5 51. Ke6 Kg3 52. Kf5 Kh4 53. Kg6 Kxh3 54. Kxg5 1/2-1/2

[Event "*** Titled Tuesday Blitz"]
[Site "Chess.com"]
[Date "2020.04.14"]
[Round "1"]
[White "Stormeman100100"]
[Black "RaunakSadhwani2005"]
[Result "1-0"]
[WhiteElo "2458"]
[BlackElo "2820"]
[TimeControl "180+1"]
[EndTime "10:07:27 PDT"]
[Termination "Stormeman100100 won by checkmate"]

1. Nf3 d6 2. e4 c5 3. Bb5+ Nc6 4. O-O Bd7 5. c3 Nf6 6. Re1 a6 7. Bc4 Bg4 8. d4 cxd4 9. cxd4 Bxf3 10. gxf3 e5 11. dxe5 dxe5 12. Nc3 Be7 13. Be3 O-O 14. Nd5 Rc8 15. Bb6 Qd6 16. Nxe7+ Qxe7 17. Rc1 Nh5 18. Be3 Rcd8 19. Bd5 Nb4 20. Qb3 Nxd5 21. exd5 Rd6 22. Kh1 Qh4 23. Rg1 Qh3 24. Bc5 Rh6 25. f4 Qxb3 26.
axb3 Rd8 27. Be7 Re8 28. d6 Nf6 29. fxe5 Nd7 30. f4 Re6 31. Rc7 Nf8 32. Rxb7 h5 33. Bf6 Ng6 34. f5 Rxe5 35. fxg6 Re2 36. gxf7+ Kf8 37.
Bxg7# 1-0

[Event "*** Titled Tuesday Blitz"]
[Site "Chess.com"]
[Date "2020.04.14"]
[Round "1"]
[White "BilguunSu"]
[Black "SavelievAlexei"]
[Result "1-0"]
[WhiteElo "2730"]
[BlackElo "2359"]
[TimeControl "180+1"]
[EndTime "10:07:27 PDT"]
[Termination "BilguunSu won by resignation"]

1. e4 c5 2. Nf3 e6 3. d4 cxd4 4.
Nxd4 a6 5. Nc3 Qc7 6. g3 h5 7. h3 Nc6 8. Bg2 b5 9. O-O Bb7 10. Re1 Nxd4 11. Qxd4 Be7 12. Bf4 d6 13. Qd2 Rd8 14.
a4 b4 15. Na2 a5 16. c3 bxc3 17. Nxc3 Nf6 18. Nb5 Qb8 19. Qxa5 O-O 20. Rad1 e5 21. Bg5 Rd7 22. h4 Qa8 23. Qxa8 Rxa8 24. b3 Bc6 25.
Nc3 Rb8 26. Rb1 Rb4 27. Bxf6 Bxf6 28. Bf1 g5 29. Bb5 Bxb5 30. axb5 Rd4 31. Nd5 Bd8 32. hxg5 Bxg5 33. b6 Rb7 34. Ra1 Rxd5 35. exd5 Rxb6 36.
Rab1 Bd2 37. Re4 Kg7 38. b4 Bc3 39. Rc4 Kf6 40. b5 Ke7 41. Rc7+ Ke8 42. Rc6 Rb7 43.
Rxd6 Bd4 44. Rc6 1-0

[Event "*** Titled Tuesday Blitz"]
[Site "Chess.com"]
[Date "2020.04.14"]
[Round "1"]
[White "bangchess21"]
[Black "MokshAD1603"]
[Result "1-0"]
[WhiteElo "2692"]
[BlackElo "2342"]
[TimeControl "180+1"]
[EndTime "10:07:27 PDT"]
[Termination "bangchess21 won by resignation"]

1. e4 e5 2. Nf3 Nc6 3. d4 exd4 4. Nxd4 Nf6 5. Nxc6 bxc6 6. e5 Qe7 7. Qe2 Nd5 8.
h4 Qe6 9. Nd2 a5 10. a3 Ba6 11.
Qe4 Bxf1 12. Kxf1 Be7 13. Nf3 f6 14. Bd2 fxe5 15. Qxe5 Qxe5 16. Nxe5 Bf6 17. Nc4 O-O 18. Re1 Bd4 19. Re2 a4 20. h5 Rab8 21. Rh4 Bxb2 22. Nxb2 Rxb2 23. Rxa4 Rxc2 24. h6 g6 25. g3 Rb8 26. Be1 Rc1 27. Kg2 Ra1 28. f3 Kf7 29. g4 Rb3 30. Rae4 Raxa3 31. Rf2 Re3 32. Bd2 Red3 33.
Bg5 c5 34. Rc4 d6 35. Re4 Rab3 36. Ra4 Rb4 37. Ra8 Rdb3 38. Rh8 Nf6 39. Bxf6 Kxf6 40. Rxh7 Rb7 41. f4 Ra3 42. g5+ Kf5 43. Rf7+ Kg4 44.
h7 Rg3+ 45. Kf1 Rb1+ 46. Ke2 Rh3 47. Rg2+ 1-0

[Event "*** Titled Tuesday Blitz"]
[Site "Chess.com"]
[Date "2020.04.14"]
[Round "1"]
[White "Filip_Covic"]
[Black "TomsKantans"]
[Result "0-1"]
[WhiteElo "2306"]
[BlackElo "2656"]
[TimeControl "180+1"]
[EndTime "10:07:27 PDT"]
[Termination "TomsKantans won by resignation"]

1. d4 Nf6 2. c4 g6 3. Nc3 d5 4. cxd5 Nxd5 5. e4 Nxc3 6. bxc3 Bg7 7. Nf3 c5 8. Be3 O-O 9. Qd2 Bg4 10. d5 Bxf3 11.
gxf3 Nd7 12. Be2 Qa5 13. Rc1 c4 14. h4 h5 15. Rg1 Rac8 16. Bh6 Ne5 17. Bxg7 Kxg7 18.
Qd4 f6 19. f4 Nd3+ 20. Bxd3 cxd3 21. Qxd3 Qxa2 22. Qg3 g5 23. fxg5 Kf7 24. g6+ Kg7 25.
Qf3 Qb2 26. Qe3 Rc4 27. e5 Re4 28. exf6+ Rxf6 29. Qxe4 Qxc1+ 30. Ke2 Qxg1 31. Qxe7+ Kxg6 32. Qe8+ Kg7 33. Qe7+ Rf7 34. Qe5+ Kh7 35. Qxh5+ Kg8 36.
Qe5 Qxf2+ 37. Kd3 Qf3+ 38. Kc4 Qf4+ 39. Qxf4 Rxf4+ 40. Kb5 Kf7 41. c4 Ke7 42. c5 Kd7 43. h5 Rh4 0-1

[Event "*** Titled Tuesday Blitz"]
[Site "Chess.com"]
[Date "2020.04.14"]
[Round "1"]
[White "crazy_machine"]
[Black "willc-h99"]
[Result "0-1"]
[WhiteElo "2639"]
[BlackElo "2322"]
[TimeControl "180+1"]
[EndTime "10:07:27 PDT"]
[Termination "willc-h99 won on time"]

1. d4 Nf6 2. c4 e6 3. Nc3 Bb4 4. Qc2 c5 5. dxc5 Bxc5 6. Nf3 Qb6 7. e3 Qc7 8. Bd3 a6 9. O-O b6 10. a3 Bb7 11. e4 Nc6 12. h3 O-O 13. b4 Nd4 14.
Qd1 Nxf3+ 15. Qxf3 Bd4 16. Bb2 d5 17. exd5 exd5 18. cxd5 Bxc3 19. Bxc3 Bxd5 20. Qe3 Rfe8 21. Qd4 Rad8 22. Rfc1 Bxg2 23. Bxh7+ Kxh7 24. Qh4+ Kg8 25. Bxf6 Qd6 26. Bxd8 Bb7 27. Rc7 Ba8 28. Qh5 g6 29. Qg5 Rxd8 30. Rac1 Re8 31. Rc8 Qe6 0-1

[Event "*** Titled Tuesday Blitz"]
[Site "Chess.com"]
[Date "2020.04.14"]
[Round "1"]
[White "kircsaj"]
[Black "Cayse"]
[Result "0-1"]
[WhiteElo "2297"]
[BlackElo "2649"]
[TimeControl "180+1"]
[EndTime "10:07:27 PDT"]
[Termination "Cayse won by resignation"]

1. e4 e5 2. Nf3 Nc6 3. Bb5 a6 4. Ba4 Nf6 5. O-O b5 6. Bb3 Be7 7. c3 d6 8. h3 O-O 9. d4 Bb7 10. Re1 Nd7 11. Nbd2 exd4 12. cxd4 Bf6 13. Nf1 Na5 14. Bc2 Re8 15. Ne3 c5 16. Ng4 Bxd4 17. Nxd4 cxd4 18. Qxd4 Rc8 19. Bd3 h5 20. Ne3 Nc5 21. Nf5 f6 22. Bf4 Nc6 23. Qd5+ Re6 24. Bf1 Ne5 25. Qd1 g6 26. Nd4 Re7 27. f3 Qe8 28. b4 Na4 29. Qb3+ Qf7 30. Rac1 Rec7 31. Rxc7 Rxc7 32. Qb1 Nc3 33. Qb2 Qxa2 34. Qxa2+ Nxa2 35. Ra1 Nxb4 36. Nb3 Bc8 37. Na5 Kf7 38. Bd2 Nbc6 39.
Nb3 Ke7 40. f4 Nc4 41. Be3 Nxe3 0-1

[Event "*** Titled Tuesday Blitz"]
[Site "Chess.com"]
[Date "2020.04.14"]
[Round "1"]
[White "velemajstor767276"]
[Black "Teidi96"]
[Result "1-0"]
[WhiteElo "2584"]
[BlackElo "2205"]
[TimeControl "180+1"]
[EndTime "10:07:27 PDT"]
[Termination "velemajstor767276 won on time"]

1. Nf3 d5 2. c4 e6 3. g3 Nf6 4.
Bg2 Be7 5. O-O O-O 6. b3 b6 7. Bb2 Bb7 8. e3 dxc4 9. bxc4 c5 10. Qe2 Nbd7 11. Rd1 Qc7 12. Nc3 Rad8 13. Rac1 Rfe8 14.
d4 Ne4 15. d5 Nxc3 16. Bxc3 exd5 17. cxd5 Bf6 18. d6 Qb8 19. Qb2 Bxc3 20. Qxc3 Nf6 21. a4 Rxd6 22. a5 Red8 23. Rxd6 Qxd6 24. h3 Ne4 25.
Qc4 Bd5 26. Qd3 c4 27. Qd4 b5 28. Qxa7 Ra8 29. Qd4 Qc6 30. Nh4 Nf6 31. Nf5 Kf8 32. Bf1 Rxa5 33. Qc3 Ra8 34. Qb4+ 1-0

[Event "*** Titled Tuesday Blitz"]
[Site "Chess.com"]
[Date "2020.04.14"]
[Round "1"]
[White "GasconJR"]
[Black "Dr-Bassem"]
[Result "0-1"]
[WhiteElo "2442"]
[BlackElo "2837"]
[TimeControl "180+1"]
[EndTime "10:07:28 PDT"]
[Termination "Dr-Bassem won by checkmate"]

1. e4 e5 2. Nf3 Nc6 3. Bc4 Nf6 4.
d3 h6 5. O-O d6 6. c3 g6 7. d4 Qe7 8. Bb5 Bd7 9. d5 Nd8 10.
Bxd7+ Nxd7 11. c4 Bg7 12. Nc3 O-O 13. Re1 f5 14. Nd2 a5 15. b3 Nc5 16. Qe2 Nf7 17. a3 h5 18. Rb1 f4 19. f3 Qh4 20. Nf1 a4 21. b4 Nb3 22. Qf2 Qe7 23. Bb2 Bf6 24. Red1 g5 25. Nd2 Nd4 26. Ne2 Nxe2+ 27. Qxe2 Kh7 28. Rbc1 b6 29. Ba1 Rg8 30. c5 bxc5 31.
bxc5 g4 32. Kh1 Bh4 33. Nf1 Ng5 34. cxd6 cxd6 35. Rc6 gxf3 36. gxf3 Nh3 37. Rdc1 Rg1# 0-1